 Dungeon Crawl Stone Soup version 0.27.1-34-g3ba077fa99 (webtiles) character file.

Game seed: 11139272814323151172

77 comborobin the Magician (level 4, -5/31 HPs)
             Began as a Djinni Fire Elementalist on Jan 11, 2022.
             Killed from afar by Natasha (11 damage)
             ... with a magic dart
             ... on level 2 of the Dungeon.
             The game lasted 00:02:15 (2052 turns).

comborobin the Magician (Djinni Fire Elementalist)  Turns: 2052, Time: 00:02:15

Health: -5/31      AC:  2    Str:  7    XL:     4   Next: 58%
Gold:   61         EV: 12    Int: 17    God:
                   SH:  0    Dex: 14

rFire    + + .     SeeInvis .   (no weapon)
rCold    x . .     Faith    .   (no shield)
rNeg     . . .     Spirit   .   a - +0 robe
rPois    ∞         Reflect  .   (no helmet)
rElec    .         Harm     .   (no cloak)
rCorr    .         Rampage  .   (no gloves)
Will     .....                  (boots unavailable)
Stlth    ++........             (no amulet)
HPRegen  0.10/turn              (no ring)
MPRegen  0.00/turn              (no ring)

@: flying
A: sickness immunity, fire resistance 2, cold vulnerability 1, float, innate
caster, hp casting, extra vitality 1
a: no special abilities


You were on level 2 of the Dungeon.
You visited 1 branch of the dungeon, and saw 2 of its levels.

You collected 61 gold pieces.

Inventory:

Armour
 a - a +0 robe (worn)
Wands
 i - a wand of polymorph (7)
Scrolls
 b - a scroll of fog {unknown}
 c - a scroll of teleportation {unknown}
 e - 2 scrolls of identify {unknown}
 f - a scroll of torment {unknown}
Potions
 d - a potion of haste {unknown}
 g - a potion of lignification {unknown}
 h - 2 potions of curing {unknown}


   Skills:
 - Level 2.1 Dodging
 - Level 1.5 Stealth
 + Level 3.9 Spellcasting


You couldn't memorise any spells.
You knew the following spells:

 Your Spells              Type           Power      Damage    Failure   Level
a - Foxfire               Conj/Fire      64%        2x1d7     3%          1
b - Conjure Flame         Conj/Fire      16%        6-21      10%         3
c - Inner Flame           Hex/Fire       16%        N/A       10%         3
d - Sticky Flame          Conj/Fire      16%        2d4       30%         4
e - Fireball              Conj/Fire      8%         3d6       65%         5
f - Corona                Hex            17%        N/A       3%          1
Your spell library was empty.

Dungeon Overview and Level Annotations

Branches:
Dungeon (2/15)

Altars:

Annotations:
D:2 Natasha


Innate Abilities, Weirdness & Mutations

You are immune to sickness and miasma.
You are immune to poison.
Your flesh is very heat resistant. (rF++)
You are vulnerable to cold. (rC-)
You float through the air rather than walking.
You learn spells naturally, not from books.
Your magical power is your life essence.
You have superior vitality. (+4 HP)


Message History

Natasha mumbles some strange words.
Unknown command.
Casting: Foxfire (safe; 3% risk of failure)
Confirm with . or Enter, or press ? or * to list all spells.
There is not enough space to conjure foxfire!
Unknown command.
Casting: Foxfire (safe; 3% risk of failure)
Confirm with . or Enter, or press ? or * to list all spells.
There is not enough space to conjure foxfire!
Unknown command.
Unknown command.
You hit the ball python.
The ball python is heavily wounded.
The foxfire hits the ball python.
You kill the ball python!
The foxfire hits Natasha.
Natasha is lightly wounded.
Unknown command.
Unknown command.
Casting: Foxfire (safe; 3% risk of failure)
Confirm with . or Enter, or press ? or * to list all spells.
You conjure some foxfire!
Natasha casts a spell at you. The magic dart hits you!
Unknown command.
Unknown command.
You hit Natasha but do no damage.
The foxfire hits Natasha.
Natasha is moderately wounded.
The foxfire hits Natasha.
Natasha is heavily wounded.
The crimson imp blinks!
Natasha claws you!
* * * LOW HITPOINT WARNING * * *
Unknown command.
Casting: Foxfire (safe; 3% risk of failure)
Confirm with . or Enter, or press ? or * to list all spells.
You conjure some foxfire!
* * * LOW HITPOINT WARNING * * *
Natasha casts a spell at you. The magic dart hits you!
You die...

..>.....#........(.#
....#.#.#.###..###.#
###.#.#.#.###..# #.#
......#.#......# #.#####
##.####.###.#..# #.....#
##....#.#...#..#######.#
....#.#.#####..#.......#
###.#..........#v#######.#
....#...######.#@h5......#
#####.### #.#v####..###
.^(...# #.#.# .# #######
..#.# ###.# #.# #.# ..#


You could see Natasha (ally target) and a crimson imp (summoned).

Vanquished Creatures
  Jessica (D:2)
  4 dart slugs (D:1)
  5 ball pythons
  5 endoplasms (D:1)
  3 giant cockroaches (D:1)
  3 goblins (D:1)
  4 hobgoblins
  3 quokkas (D:1)
  3 bats
  2 frilled lizards (D:1)
  4 kobolds (D:1)
  2 rats (D:1)
39 creatures vanquished.

Vanquished Creatures (others)
  131 foxfires
131 creatures vanquished.

Grand Total: 170 creatures vanquished

Notes
Turn   | Place    | Note
-------+----------+-------------------------------------------
     0 | D:1      | comborobin the Djinni Fire Elementalist began the quest for
                  | the Orb.
     0 | D:1      | Reached XP level 1. HP: 15/15 MP: 0/0
   165 | D:1      | Reached XP level 2. HP: 10/21 MP: 0/0
   450 | D:1      | Found a faded altar of an unknown god.
   542 | D:1      | Reached skill level 3 in Spellcasting
   678 | D:1      | Reached XP level 3. HP: 16/25 MP: 0/0
   678 | D:1      | Learned a level 1 spell: Corona
  1815 | D:2      | Noticed Jessica
  1839 | D:2      | Killed Jessica
  1840 | D:2      | Reached XP level 4. HP: 23/31 MP: 0/0
  2041 | D:2      | Noticed Natasha
  2052 | D:2      | Killed from afar by Natasha

Illustrated notes

Levels and vault maps discovered:
D:1:      dpeg_arrival_rooms_b, layout_rooms, basic_ecumenical_altar
D:2:      layout_basic, serial_shops, shop, uniq_natasha, uniq_jessica

Skill      XL: |  1  2 |
---------------+-------+-----
Spellcasting   | 3 |  3.9
Dodging        | |  2.1
Stealth        | |  1.5

Action                   |  1- 3 |  4- 6 || total
-------------------------+-------+-------++-------
Melee: Unarmed           |     4 |     9 ||    13
 Cast: Foxfire           |    70 |     5 ||    75
  Use: Potion            |       |     1 ||     1
 Stab: Sleeping          |       |     1 ||     1
Armor: Robe              |     6 |     5 ||    11
Dodge: Dodged            |    23 |     6 ||    29
